Map: Acropolis LE

Players

Aldair

  • Race: Zerg Zerg
  • League: Platinum
  • Spawn Location: 11:00

Parkkatz - Winner!

  • Race: Zerg Zerg
  • League: Platinum
  • Spawn Location: 5:00

VOD

Have the link to the VOD?

Description

Time

  • Played on: July 5, 2019, 7:54 p.m.
  • Length: 12:20
Show
View Real Time Build Order
Export as new Build Order

Aldair Zerg 

Build Orders: Hatch First 

Get SALT Encoding   

  12  0:02  Drone  
  13  0:13  Overlord  
  13  0:17  Drone  
  14  0:31  Drone x2  
  16  0:36  Drone  
  17  0:55  Hatchery, Drone  
  17  0:58  Drone  
  17  1:02  Extractor  
  17  1:15  Spawning Pool  
  17  1:18  Drone  
  17  1:21  Drone  
  18  1:28  Drone  
  20  2:08  Zergling x6  
  20  2:09  Queen x2, Zergling x2  
  20  2:15  Metabolic Boost  
  27  2:37  Overlord  
  27  2:38  Drone  
  28  3:06  Overlord  
  28  3:26  Drone  
  28  3:27  Drone x2, Overlord, Roach Warren  
  31  3:33  Zergling x4  
  32  3:46  Drone  
  32  3:47  Drone x2  
  35  3:49  Overlord  
  35  4:08  Roach x6  
  35  4:09  Roach x2, Extractor  
  50  4:14  Drone, Overlord  
  51  4:28  Zergling x2  
  51  4:34  Roach x2  
  51  4:35  Drone x2, Roach  
  51  4:38  Overlord  
  59  4:59  Roach x3  
  67  5:00  Roach, Overlord  
  67  5:10  Evolution Chamber  
  67  5:12  Evolution Chamber  
  63  5:34  Drone  
  63  5:35  Drone x3  
  67  5:36  Zerg Missile Weapons Level 1  
  67  5:48  Roach x4  
  67  5:49  Overlord  
  65  6:07  Roach x3  
  65  6:08  Roach x5  
  73  6:24  Roach x3  
  67  6:42  Zergling x4  
  67  6:43  Roach x3  
  63  6:57  Roach x3  
  57  7:07  Extractor  
  44  7:17  Roach x3  
  44  7:18  Roach  
  44  7:22  Queen  
  52  7:24  Queen  
  54  7:37  Drone x3  
  54  7:39  Drone x3  
  60  7:49  Extractor  
  59  7:54  Roach x2  
  63  8:01  Roach x4  
  71  8:08  Roach  
  73  8:18  Roach x2  
  67  8:39  Roach  
  67  8:40  Roach x3  
  63  8:44  Roach x3  
  63  8:53  Roach x3  
  65  9:08  Lair  
  65  9:11  Roach x6  
  77  9:18  Roach  
  77  9:22  Drone  
  80  9:28  Overlord  
  80  9:34  Overlord  
  80  9:40  Hatchery  
  79  9:56  Drone x4  
  79  9:57  Drone  
  79  9:59  Roach x2  
  88  10:11  Roach x2  
  92  10:16  Spire  
  91  10:22  Overlord x2  
  91  10:23  Drone  
  90  10:43  Spine Crawler  
  90  10:46  Roach x3  
  82  10:55  Roach x4  
  66  11:05  Roach x3  
  66  11:06  Roach x2  
  76  11:19  Drone x3  
  79  11:26  Pneumatized Carapace  
  79  11:31  Roach x2  
  83  11:36  Queen  
  83  11:38  Drone  
  86  11:40  Drone  
  86  11:43  Overseer  
  87  11:53  Drone x3  
  91  11:54  Drone  
  91  11:57  Spine Crawler  
Show
View Real Time Build Order
Export as new Build Order

Parkkatz Zerg - Winner!

Build Orders: Hatch First, Roach Hydra 

Get SALT Encoding   

  12  0:01  Drone  
  13  0:13  Overlord  
  13  0:20  Drone  
  14  0:32  Drone x2  
  16  0:36  Drone  
  17  0:47  Drone  
  18  0:57  Hatchery  
  17  1:00  Drone, Extractor  
  17  1:14  Spawning Pool  
  17  1:16  Drone  
  17  1:19  Drone  
  18  1:29  Drone  
  19  1:40  Overlord  
  19  2:00  Queen  
  21  2:02  Zergling x4  
  23  2:08  Queen  
  23  2:09  Zergling x2  
  23  2:14  Drone  
  27  2:16  Metabolic Boost  
  27  2:23  Drone  
  27  2:24  Drone  
  29  2:32  Drone  
  30  2:38  Overlord  
  30  2:42  Drone  
  30  2:44  Queen  
  31  2:49  Drone  
  34  2:54  Zergling x2  
  35  3:10  Drone x5  
  35  3:11  Drone  
  41  3:29  Drone  
  41  3:30  Drone  
  41  3:31  Overlord  
  43  3:34  Drone  
  43  3:35  Extractor x2  
  43  3:36  Drone  
  43  3:40  Roach Warren  
  42  3:42  Evolution Chamber  
  42  3:44  Drone x2  
  42  3:47  Lair  
  43  3:54  Drone x2  
  45  3:56  Zergling x4  
  45  3:57  Zergling x6  
  45  4:00  Drone  
  51  4:13  Drone  
  52  4:18  Overlord  
  52  4:21  Overlord  
  52  4:23  Overlord  
  52  4:37  Overlord  
  52  4:43  Drone x2  
  52  4:44  Roach  
  52  4:45  Roach x3  
  62  4:52  Glial Reconstitution  
  62  5:06  Overlord  
  62  5:07  Overlord  
  62  5:09  Roach x4  
  70  5:28  Roach x4  
  73  5:29  Roach  
  76  5:45  Extractor  
  75  5:59  Roach  
  75  6:00  Roach x5  
  83  6:11  Overlord  
  82  6:21  Zerg Missile Weapons Level 1  
  82  6:22  Hatchery  
  77  6:40  Roach x5  
  77  6:41  Roach  
  81  6:48  Roach x3  
  81  6:49  Roach  
  87  6:55  Roach  
  87  6:56  Roach  
  85  7:04  Queen  
  69  7:25  Drone  
  69  7:26  Drone x7  
  77  7:31  Ravager x2  
  77  7:32  Ravager  
  77  7:36  Overlord x3  
  80  7:40  Drone x5, Queen  
  87  7:57  Drone  
  87  7:58  Drone x2, Overlord x2  
  90  8:03  Evolution Chamber  
  90  8:05  Hydralisk Den  
  88  8:07  Spore Crawler  
  88  8:09  Spore Crawler  
  86  8:13  Spore Crawler  
  86  8:15  Drone  
  86  8:16  Drone  
  84  8:37  Muscular Augments  
  84  8:41  Zerg Ground Armor Level 1  
  76  8:45  Extractor x2  
  68  8:50  Hydralisk x3  
  68  8:52  Roach  
  68  8:53  Roach, Zergling x2  
  68  8:54  Zergling x24  
  83  9:02  Drone x2  
  83  9:18  Drone x3  
  86  9:29  Queen  
  88  9:33  Drone x2  
  88  9:37  Drone  
  91  9:38  Hydralisk  
  91  9:39  Hydralisk x6  
  105  9:48  Grooved Spines  
  105  9:49  Zerg Missile Weapons Level 2  
  105  9:52  Drone x2  
  107  9:53  Drone  
  107  9:59  Queen  
  110  10:02  Hatchery  
  96  10:08  Zergling x22  
  96  10:09  Zergling x4  
  109  10:27  Hydralisk x3  
  109  10:28  Hydralisk x5  
  125  10:36  Hatchery  
  121  10:45  Zergling x20  
  119  10:54  Lair  
  119  10:55  Lair  
  97  11:04  Extractor  
  97  11:07  Hydralisk x10  
  116  11:23  Hydralisk x3  
  122  11:27  Spore Crawler  
  122  11:29  Extractor  
  122  11:30  Baneling Nest  
  119  11:37  Zergling x2  
  119  11:38  Zergling x26  
  133  11:53  Overlord x5  
  133  11:54  Overlord  
Tags
 
Composition
Roach Hydra
Matchup
ZvZ
Race
Zerg
Replay Pack
SC2 replays
Spawn Locations
Cross Positions
Add a new tag
Caveats
  • Supply blocks, unpowered buildings, or Contaminate may cause inaccurate times.
  • Supply counts are checked every 10 seconds.